 Dungeon Crawl Stone Soup version 0.31-a0-365-gcf821cafb2 (webtiles) character file.

Game seed: 15246787238897676717

1337 garrulousMonolith the Changeling (level 8, -12/54 HPs)
             Began as an Octopode Shapeshifter on July 28, 2023.
             Mangled by an orc warrior
             ... wielding a +0 halberd
              (22 damage)
             ... on level 6 of the Dungeon.
             The game lasted 00:05:26 (4832 turns).

garrulousMonolith the Changeling (OpSh)             Turns: 4832, Time: 00:05:27

Health: -12/54     AC:  1    Str: 15    XL:     8   Next: 61%
Magic:  8/8        EV: 14    Int: 16    God:
Gold:   206        SH:  0    Dex: 14    Spells: 6/7 levels left

rFire   + . .        r - +2 dagger (venom)
rCold   . . .        (no shield)
rNeg    . . .        (helmet currently unavailable)
rPois   .            (no amulet)
rElec   .            p - ring of protection from fire
rCorr   .            s - +6 ring of intelligence
SInv    .            (no ring)
Will    .....        (no ring)
Stlth   +++          (no ring)
HPRegen 0.29/turn    (no ring)
MPRegen 0.11/turn    (no ring)
                     (no ring)

%: no passive effects
@: mighty, beast-form, silenced
A: beast (slay +4), almost no armour, amphibious, 8 rings, camouflage 1,
gelatinous body 1, (nimble swimmer 1), tentacles
a: Begin Untransformation


You were on level 6 of the Dungeon.
You were a hulking beast.
You visited 1 branch of the dungeon, and saw 6 of its levels.

You collected 206 gold pieces.

Inventory:

Hand Weapons
 r - a +2 dagger of venom (weapon)
 v - the +7 quarterstaff of Ascent {antimagic, Int+2}
   (You found it on level 6 of the Dungeon)

   Int:       It affects your intelligence (+2).
Missiles
 k - 12 poisoned darts (quivered)
Jewellery
 p - a ring of protection from fire (left tentacle)
 s - a +6 ring of intelligence (right tentacle)
Talismans
 b - a beast talisman
 d - a maw talisman
Wands
 f - a wand of digging (4)
 n - a wand of polymorph (7)
Scrolls
 c - a scroll of torment
 j - a scroll of enchant weapon {unknown}
 o - a scroll of immolation
 q - a scroll of enchant armour {unknown}
 t - 2 scrolls of teleportation {unknown}
 w - a scroll of identify
Potions
 a - 2 potions of lignification
 e - 3 potions of brilliance
 g - 2 potions of attraction {unknown}
 h - 2 potions of might
 l - a potion of degeneration {unknown}
 m - 2 potions of mutation {unknown}
 u - a potion of heal wounds {unknown}


   Skills:
 + Level 4.2 Fighting
 + Level 4.5 Dodging
 + Level 5.4 Stealth
 + Level 5.0 Unarmed Combat
 * Level 5.8 Shapeshifting


You had 6 spell levels left.
You knew the following spells:

 Your Spells              Type           Power      Damage    Failure   Level
a - Sandblast             Erth           0%         2d4       26%         1

Your spell library contained the following spells:

 Spells                   Type           Power      Damage    Failure   Level
 Magic Dart               Conj           0%         1d3       26%         1
 Passwall                 Tmut/Erth      0%         N/A       36%         2
 Searing Ray              Conj           0%         2d4       36%         2
 Stone Arrow              Conj/Erth      0%         3d7       58%         3
 Fulminant Prism          Conj/Hex       0%         3d5       94%         4


Dungeon Overview and Level Annotations

Branches:
Dungeon (6/15)
 Temple: D:4-7

Altars:
Elyvilon
Makhleb
Vehumet
Wu Jian


Innate Abilities, Weirdness & Mutations

You are a hulking beast.
Your limbs bulge with bestial killing power. (Slay +4)
You cannot wear most types of armour.
You are amphibious.
You can wear up to eight rings at the same time.
Your skin changes colour to match your surroundings (Stealth+).
Your rubbery body absorbs attacks. (AC +1, EV +1)
((You are camouflaged when in or above water. (Stealth+)))
You have tentacles for arms and can constrict up to eight enemies at once.


Message History

Reactivating autopickup.
The sky beast closely misses you.
You hit the sky beast.
The sky beast looks as sick as possible!
The sky beast is moderately wounded.
The sky beast closely misses you.
An orc warrior comes into view. It is wielding a +0 halberd.
You closely miss the sky beast. You squeeze the sky beast!
The sky beast is severely wounded.
The sky beast closely misses you.
You closely miss the sky beast.
The sky beast is almost dead.
The sentinel's mark upon you fades away.
An orc comes into view. It is wielding a +0 dagger.
The sky beast hits you. The sky beast shocks you.
You hit the sky beast but do no damage.
The sky beast looks as sick as possible!
Your tentacle-slap misses the sky beast.
Your squeeze misses the sky beast.
The sky beast is almost dead.
You kill the sky beast!
Your Unarmed Combat skill increases to level 5!
As you read the scroll of identify, it crumbles to dust.
h - 3 potions of might An orc comes into view.
It is wielding a +0 flail.
As you read the scroll labelled WUPETZ GAPTUZ, it crumbles to dust.
A profound silence engulfs you.
It was a scroll of silence.
You feel very mighty all of a sudden. The orc warrior closely misses you.
The orc warrior closely misses you.
You barely miss the orc warrior. You grab the orc warrior.
You constrict the orc warrior, but do no damage.
The orc warrior hits you with a +0 halberd!
* * * LOW HITPOINT WARNING * * *
You puncture the orc warrior!
The orc warrior is moderately wounded.
You constrict the orc warrior, but do no damage.
The orc barely misses you.
The orc warrior hits you with a +0 halberd!!
You die...

.........#
#........#
#.......#####
##..##..###.#
####...##..# ...
##....†...# ..
#.........# ..#
#..........## ..##
#..###....ho##
#..# #.#
##..)oo.### ... #.
##.......## ###..
# ###......###
###....
###......###...#..
##.........###..
##......####...
###..### ###.
##..## ##


You could see an orc warrior and 2 orcs.

Vanquished Creatures
  Prince Ribbit (D:5)
  A shadow (D:6)
  A sky beast (D:6)
  An ogre (D:4)
  A centaur (D:6)
  3 scorpions (D:4)
  3 jellies
  3 hounds (D:5)
  2 iguanas (D:5)
  3 sleepcaps (D:5)
  Ijyb (D:5)
  An orc wizard (D:5)
  7 gnolls
  4 adders
  6 dart slugs
  4 orcs
  5 ball pythons
  3 bats
  9 endoplasms
  3 giant cockroaches
  A hobgoblin (D:3)
  13 jackals
  5 kobolds
  4 quokkas
  3 frilled lizards (D:2)
  5 goblins
  4 rats
97 creatures vanquished.

Notes
Turn   | Place    | Note
-------+----------+-------------------------------------------
     0 | D:1      | garrulousMonolith the Octopode Shapeshifter began the quest
                  | for the Orb.
     0 | D:1      | Reached XP level 1. HP: 13/13 MP: 1/1
    78 | D:1      | Reached XP level 2. HP: 18/18 MP: 2/2
   228 | D:1      | Learned a level 1 spell: Sandblast
   542 | D:1      | Reached XP level 3. HP: 23/23 MP: 3/3
   606 | D:2      | Reached skill level 1 in Stealth
   717 | D:2      | Found a burning altar of Makhleb.
  1108 | D:3      | Reached XP level 4. HP: 25/29 MP: 4/4
  1812 | D:4      | Noticed a scorpion
  1817 | D:4      | Killed a scorpion
  1818 | D:4      | Reached XP level 5. HP: 34/34 MP: 5/5
  2113 | D:4      | Reached XP level 6. HP: 14/41 MP: 6/6
  2534 | D:4      | Found an ornate altar of the Wu Jian Council.
  2780 | D:5      | Entered Level 5 of the Dungeon
  2780 | D:5      | Noticed Ijyb
  2786 | D:5      | Killed Ijyb
  2814 | D:5      | Reached XP level 7. HP: 32/45 MP: 7/7
  3394 | D:5      | Reached skill level 5 in Shapeshifting
  3593 | D:5      | Noticed Prince Ribbit
  3607 | D:5      | Killed Prince Ribbit
  3608 | D:5      | Reached XP level 8. HP: 32/54 MP: 8/8
  3803 | D:5      | Found a white marble altar of Elyvilon.
  3803 | D:5      | Found a radiant altar of Vehumet.
  4111 | D:6      | Noticed a shadow
  4127 | D:6      | HP: 2/54 [shadow (4)]
  4128 | D:6      | Killed a shadow
  4129 | D:6      | Reached skill level 5 in Stealth
  4343 | D:6      | Identified the +7 quarterstaff of Ascent {antimagic, Int+2}
  4825 | D:6      | Reached skill level 5 in Unarmed Combat
  4832 | D:6      | Mangled by an orc warrior

Illustrated notes

Levels and vault maps discovered:
D:1:      dpeg_arrival_pits, layout_loops_ring, nrook_loot_triangle
D:2:      layout_rooms, basic_altar, serial_bayou_pond_c
D:3:      layout_basic, serial_curves, eino_curves_03, eino_curves_01
D:4:      layout_loops_corners, mainiacjoe_overflow_surrounded_room
D:5:      layout_cave_pools, gammafunk_temple_overflow_wave,
          serial_column_ruins, column_ruins_hut, column_ruins_corridor_straight,
          column_ruins_columns_straight, column_ruins_open_small,
          column_ruins_grid_1, column_ruins_columns_straight, uniq_ijyb,
          uniq_prince_ribbit1
D:6:      layout_cave_pods

Skill      XL: |  1  2  3  4  5  6  7  8 |
---------------+-------------------------+-----
Stealth        | 1 2 3 4 5 |  5.4
Fighting       | 2 3 4 |  4.2
Dodging        | 3 4 |  4.5
Shapeshifting  | 4 5 |  5.8
Unarmed Combat | 4 5 |  5.0

Action                     |  1- 3 |  4- 6 |  7- 9 || total
---------------------------+-------+-------+-------++-------
  Melee: Unarmed           |    70 |    28 |       ||    98
         Constrict         |    17 |    16 |    21 ||    54
         Tentacles         |    12 |    14 |    19 ||    45
         Punch             |       |     1 |     3 ||     4
         Dagger            |       |    25 |    91 ||   116
  Throw: Dart              |       |       |    10 ||    10
   Cast: Sandblast         |       |       |     4 ||     4
    Use: Scroll            |       |     2 |     4 ||     6
         Potion            |       |     2 |     4 ||     6
   Stab: Sleeping          |     9 |     9 |     4 ||    22
         Distracted        |       |     1 |     1 ||     2
 Armour: Skin              |     3 |     1 |     3 ||     7
  Dodge: Dodged            |    37 |    34 |    66 ||   137

Table legend: (Time is in decaauts)
 A = Elapsed time spent in this place.
 B = Non-inter-level travel time spent in this place.
 C = Inter-level travel time spent in this place.
 D = Time resting spent in this place.
 E = Time spent auto-exploring this place.
 F = Levels seen in this place.
 G = Mean time per level.
                   A        B        C        D        E       F      G
               +--------+--------+--------+--------+--------+-----+--------+
         Total |   4825 |   4717 |    108 |   1098 |   2908 |   6 |  804.2 |
       Dungeon |   4825 |   4717 |    108 |   1098 |   2908 |   6 |  804.2 |
               +--------+--------+--------+--------+--------+-----+--------+

Top non-repeatable levels by time:
     D:5: 1250 daAuts
     D:4: 1092 daAuts
     D:6: 732 daAuts
     D:3: 717 daAuts
     D:1: 590 daAuts
     D:2: 441 daAuts
